cohdb
Replays
Latest Replays
All Replays
Popular Replays
Top Player Replays
Match Explorer
How It Works
Community
CoH3 Stats
Reddit
Sign in to upload your games and track your stats! →
Sign in with Steam
Match 45163774
Unlisted
Match 45163774
Overview
Messages
Build Orders
End
Kettenkrad Recon Vehicle
Construct Infanterie Kompanie
Grenadier Squad
MG 42 Machine Gun Team
Grenadier Squad
Construct Luftwaffe Kompanie
Selects Terror Battlegroup
Selects Machine Gun Camouflage
Selects Contempt for the Weak
Jäger Squad
Jäger Squad
Support Elements
Pioneer Squad
Wirbelwind Flakpanzer
Wirbelwind Flakpanzer
Jäger Squad
Jäger Squad
Selects Jericho Trumpet
Side Skirts
Luftwaffe Officer Quarters
Selects V1 Rocket Strike
Wirbelwind Flakpanzer
Jericho Trumpet
Wirbelwind Flakpanzer
Pioneer Squad
Kettenkrad Recon Vehicle
Construct Panzer Kompanie
V1 Rocket Strike
Panzer IV Medium Tank
Jericho Trumpet
Selects Defend the Fatherland
Selects King Tiger Heavy Tank
V1 Rocket Strike
King Tiger Heavy Tank
Jericho Trumpet
Pioneer Squad
Pioneer Squad
V1 Rocket Strike
[Ace] Mango Rage
飞行的猫先森
BileDiver吐酸披风虫
Kanna Scarlet
SirFecker
So Predictable
周末不日常
cheez931
0
0
Comments
sign in to comment!
No comments posted yet!